 Dungeon Crawl Stone Soup version 0.19.0-2-gae57169 (webtiles) character file.

5392 Chiseanne the Nimble (level 10, -10/68 HPs)
             Began as a High Elf Artificer on Nov 5, 2016.
             Was a Believer of Nemelex Xobeh.
             Hit by a large rock thrown by a cyclops (15 damage)
             ... on level 9 of the Dungeon.
             The game lasted 00:35:41 (8986 turns).

Chiseanne the Nimble (High Elf Artificer)           Turns: 8986, Time: 00:35:41

Health: -10/68     AC: 14    Str: 19    XL:     10   Next: 39%
Magic:  17/17      EV: 20    Int: 18    God:    Nemelex Xobeh [**....]
Gold:   600        SH:  0    Dex: 17    Spells: 0 memorised, 9 levels left

rFire  . . .     SeeInvis .     a - +12 war axe "Ofoy" {flame, rC+ Int+3}
rCold  + . .     Gourm    .     v - +1 ring mail
rNeg   . . .     Faith    .     (no shield)
rPois  +         Spirit   .     e - +0 helmet
rElec  .         Reflect  .     x - +0 cloak
rCorr  .         Harm     .     Q - +0 pair of gloves
MR     +....                    c - +2 pair of boots
Stlth  +.........               U - amulet of regeneration
                                A - +3 ring of evasion
                                F - ring of poison resistance

@: mighty
A: no striking features
a: Renounce Religion


You were on level 9 of the Dungeon.
You worshipped Nemelex Xobeh.
Nemelex Xobeh was pleased with you.
You were not hungry.

You visited 2 branches of the dungeon, and saw 10 of its levels.
You also visited: Sewer.

You collected 600 gold pieces.

Inventory:

Hand Weapons
 a - the +12 war axe "Ofoy" (weapon) {flame, rC+ Int+3}
   (You found it on level 7 of the Dungeon)

   It has been specially enchanted to burn those struck by it, causing extra
   injury to most foes and up to half again as much damage against particularly
   susceptible opponents.
   Big, fiery blades are also staple armaments of hydra-hunters.
   It affects your intelligence (+3).
   It protects you from cold.
 w - a +0 blowgun
Missiles
 h - 289 stones
 m - 33 sling bullets
 o - 167 arrows
 q - 75 poisoned needles
 G - 8 tomahawks (quivered)
Armour
 c - a +2 pair of boots (worn)
 e - a +0 helmet (worn)
 v - a +1 ring mail (worn)
 x - a +0 cloak (worn)
 Q - a +0 pair of gloves (worn)
Jewellery
 s - an uncursed ring of wizardry
 A - a +3 ring of evasion (right hand)
 F - a ring of poison resistance (left hand)
 M - an uncursed ring of magical power
 U - an amulet of regeneration (around neck)
Wands
 y - a wand of disintegration (8/24)
 E - a wand of disintegration (18/24)
 J - a wand of slowing (21/48)
 L - a wand of lightning (9/15)
Scrolls
 k - 3 scrolls of teleportation
 n - a scroll of enchant armour
 K - 2 scrolls of remove curse
 O - a scroll of fog
 V - 2 scrolls of magic mapping
Potions
 d - a potion of degeneration {unknown}
 i - a potion of invisibility
 p - 2 potions of mutation
 r - a potion of beneficial mutation {unknown}
 u - 5 potions of curing
 z - 4 potions of flight
 D - 2 potions of resistance
 I - 2 potions of brilliance
 N - a potion of agility {unknown}
 R - 2 potions of ambrosia
 S - 2 potions of berserk rage {unknown}
 T - a potion of lignification {unknown}
Miscellaneous
 H - a plain deck of escape {drawn: 1} {god gift}
 P - a plain deck of summoning {god gift}
Comestibles
 f - 9 bread rations
 g - 11 fruits
 j - 8 slices of pizza
 l - 4 chunks of flesh
 B - a royal jelly
 C - 4 beef jerkies


   Skills:
 - Level 5.7 Fighting
   Level 1.2 Short Blades
 * Level 4.0 Axes
 * Level 7.0 Armour
 * Level 8.9 Dodging
 - Level 1.1 Stealth
 * Level 8.4 Evocations


You had 9 spell levels left.
You didn't know any spells.

Dungeon Overview and Level Annotations

Branches:
Dungeon (9/15)             Temple (1/1) D:5
   Lair: D:8-11         Orc: D:9-12

Altars:
Ashenzari
Cheibriados
Dithmenos
Elyvilon
Nemelex Xobeh
Okawaru
Ru
Yredelemnul


Message History

The cyclops is moderately wounded.
You slice the worker ant zombie!! You burn the worker ant zombie.
You destroy the worker ant zombie!
You slash the bullfrog! You burn the bullfrog. Something hits you.
The bullfrog hits you. The cyclops hits you!!
* * * LOW HITPOINT WARNING * * *
The bullfrog closely misses you.
Okay, then.
Okay, then.
Something closely misses you.
The bullfrog hits you but does no damage.
The bullfrog completely misses you. Something hits you but does no damage.
The bullfrog misses you.
Okay, then.
Evoke which item? (* to show all) (? for menu, Esc to quit)
You draw a card...
It is the Cloud.
Clouds appear around you! Something hits you but does no damage.
The bullfrog completely misses you.
The cyclops throws a large rock.
The large rock hits you!
You die...
Your body glows slightly and disappears.

# #. #.. ###
#...###### ..
#....§.F@# #
#####....§...# #
#...#....§C§.# ##.
#.#.########'# ...
#.#.# #.#
#####.#.# ##.#
........# #..#
....#.#########.##
....#.#.........#


You could see a cyclops and a bullfrog.

Vanquished Creatures
  A wyvern (D:8)
  3 hogs (D:8)
  A human (D:8)
  7 yaks
  Grum (D:8)
  A hungry ghost (D:9)
  A water moccasin (D:8)
  2 ice beasts
  2 orc warriors (D:7)
  4 ogres
  3 wolves (D:8)
  2 centaurs
  6 bullfrogs
  A water moccasin zombie (D:7)
  2 scorpions
  A howler monkey (D:5)
  4 crimson imps
  2 jellies (D:8)
  2 orc priests
  5 hounds
  2 bullfrog skeletons (D:6)
  2 centaur skeletons
  An iguana (D:7)
  8 orc wizards
  10 worker ants
  A killer bee zombie (D:7)
  2 hound skeletons
  2 worker ant zombies
  6 gnolls
  A howler monkey skeleton (D:8)
  11 adders
  3 river rats
  A shadow imp (D:8)
  2 oozes
  A worm (D:2)
  A dart slug (D:4)
  7 leopard geckos
  35 orcs
  5 giant cockroaches
  5 goblins
  12 hobgoblins
  10 jackals
  2 quokkas
  9 bats
  A frilled lizard (D:1)
  13 kobolds
  A leopard gecko skeleton (D:4)
  14 rats
219 creatures vanquished.

Vanquished Creatures (collateral kills)
  A sky beast (D:5)
  A big kobold (Sewer)
  3 killer bees (D:7)
  A hound (D:5)
  An orc wizard (D:4)
  An ooze (D:5)
  A worm (D:7)
  3 orcs (D:4)
  A goblin (D:4)
  A hobgoblin (D:4)
  A rat (D:3)
15 creatures vanquished.

Vanquished Creatures (others)
  A gnoll (D:5)
  A river rat (D:3)
  An ooze (D:5)
  A worm (D:3)
  2 kobolds (Sewer)
6 creatures vanquished.

Grand Total: 240 creatures vanquished

Notes
Turn   | Place    | Note
-------+----------+-------------------------------------------
     0 | D:1      | Chiseanne the High Elf Artificer began the quest for the Orb.
     0 | D:1      | Reached XP level 1. HP: 13/13 MP: 4/4
   295 | D:1      | Reached XP level 2. HP: 18/18 MP: 5/5
  1459 | D:2      | Reached XP level 3. HP: 21/24 MP: 6/6
  2002 | D:3      | Reached skill level 1 in Armour
  2123 | D:3      | Reached XP level 4. HP: 28/29 MP: 7/7
  2432 | D:3      | Found a glowing drain.
  2436 | Sewer    | Entered a sewer
  2651 | Sewer    | Noticed a big kobold
  2678 | Sewer    | Killed a big kobold
  2678 | Sewer    | Reached XP level 5. HP: 36/36 MP: 8/8
  2711 | Sewer    | Found a white marble altar of Elyvilon.
  3145 | D:3      | Noticed an ice beast
  3150 | D:3      | Killed an ice beast
  3150 | D:3      | Reached XP level 6. HP: 32/42 MP: 8/10
  3511 | D:4      | Found a white marble altar of Elyvilon.
  3572 | D:4      | Noticed Blork the orc
  3573 | D:4      | Noticed Blork
  3573 | D:4      | Blork the orc changed into Blork the ogre
  3577 | D:4      | Killed Blork the ogre
  3657 | D:4      | Reached XP level 7. HP: 43/47 MP: 11/11
  4515 | D:4      | Reached skill level 5 in Evocations
  4531 | D:4      | Reached skill level 5 in Dodging
  4713 | D:5      | Entered Level 5 of the Dungeon
  4734 | D:5      | Found a staircase to the Ecumenical Temple.
  4746 | Temple   | Entered the Ecumenical Temple
  4786 | Temple   | Became a worshipper of Nemelex Xobeh the Trickster
  4908 | D:5      | Received a gift from Nemelex Xobeh
  4954 | D:5      | Found a sacrificial altar of Ru.
  5112 | D:5      | Reached XP level 8. HP: 51/54 MP: 13/13
  5397 | D:6      | Found a shattered altar of Ashenzari.
  5414 | D:6      | Reached * piety under Nemelex Xobeh
  5769 | D:6      | Reached skill level 5 in Fighting
  6321 | D:7      | Found a snail-covered altar of Cheibriados.
  6656 | D:7      | Reached skill level 5 in Armour
  6794 | D:7      | Reached XP level 9. HP: 35/62 MP: 14/14
  7198 | D:7      | Got a bloodstained war axe
  7199 | D:7      | Identified the +12 war axe "Ofoy" {flame, rC+ Int+3} (You found it on level 7 of the Dungeon)
  7400 | D:8      | Reached skill level 1 in Axes
  7474 | D:8      | Reached ** piety under Nemelex Xobeh
  7536 | D:8      | Noticed Grum
  7545 | D:8      | Killed Grum
  8460 | D:9      | Received a gift from Nemelex Xobeh
  8502 | D:9      | Reached XP level 10. HP: 68/68 MP: 16/16
  8608 | D:9      | Received a gift from Nemelex Xobeh
  8976 | D:9      | Noticed a cyclops
  8982 | D:9      | HP: 3/68 [cyclops (21)]
  8986 | D:9      | Hit by a large rock thrown by a cyclops

Skill      XL: |  1  2  3  4  5  6  7  8  9 10 |
---------------+-------------------------------+-----
Fighting       | 2 3 4 5 |  5.7
Armour         | 1 2 3 4 5 6 7 |  7.0
Dodging        | 3 4 5 6 8 |  8.9
Evocations     | 4 5 6 7 8 |  8.4
Axes           | 3 4 |  4.0
Short Blades   | |  1.2
Stealth        | |  1.1

Action                   |  1- 3 |  4- 6 |  7- 9 | 10-12 || total
-------------------------+-------+-------+-------+-------++-------
Melee: Short sword       |   155 |   135 |    92 |       ||   382
       Rapier            |       |       |   416 |       ||   416
       War axe           |       |       |   101 |    48 ||   149
Throw: Stone             |       |       |     1 |       ||     1
       Tomahawk          |       |       |       |     1 ||     1
Evoke: Wand              |     2 |    31 |    21 |     2 ||    56
       Deck              |       |       |    12 |     1 ||    13
  Use: Scroll            |     7 |     4 |    10 |     3 ||    24
       Potion            |       |     1 |     3 |     2 ||     6
 Stab: Sleeping          |     1 |     7 |     9 |       ||    17
       Confused          |       |     3 |       |       ||     3
       Paralysed         |       |     4 |       |       ||     4
  Eat: Chunk             |     4 |     5 |    17 |     3 ||    29
Armor: Ring mail         |    57 |    35 |   185 |    32 ||   309
       Leather armour    |     1 |       |       |       ||     1
       Animal skin       |       |       |     1 |       ||     1
Dodge: Dodged            |    76 |    96 |   579 |    56 ||   807
